Cogmind - Beta 11.1 @@@ ROGUE MODE // 2022.06.12 @ 14:19:59 Player: ChromeKnight Result: Self-destructed Performance ------------- Evolutions (2) 1000 Regions Visited (6) 1200 Robots Destroyed (87) 435 Value Destroyed (2416) 2416 Prototype IDs (1) 20 Alien Tech Used (0) 0 Bonus (895) 895 TOTAL SCORE: 5966 Bonus ------- High Alert Combat Kills 38 Follower Combat Kills 157 Entered Garrisons 200 Used RIF Installer 500 Cogmind --------- Core Integrity 408/550 Matter 300/300 Energy 125/125 System Corruption 0% Temperature Cool (0) Movement Rolling (115) Ox1 Location -8/Materials Parts ------- > --- POWER (1) -------- Light Ion Engine > --- PROPULSION (2) --- Armored Huge Wheel > --- UTILITY (6) ------ Large Storage Unit Hardened Medium Armor Plating Hacking Suite Hacking Suite Relay Coupler [Grunt] (8) Relay Coupler [Sentry] (8) > --- WEAPON (2) ------- Shock Rifle Shock Rifle > --- INVENTORY (15) --- Improved Flight Unit Improved Flight Unit Machine Analyzer Improved Medium Armor Plating Improved Medium Armor Plating Improved Medium Armor Plating Hacking Suite Relay Coupler [NC] (23) Relay Coupler [NC] (28) Relay Coupler [Swarmer] (38) Relay Coupler [Grunt] (22) Shock Rifle Heavy Missile Launcher Datajack Peak State ------------ > --- POWER ------------ Light Deuterium Engine > --- PROPULSION ------- Armored Huge Wheel > --- UTILITY ---------- Large Storage Unit Hardened Medium Armor Plating Hacking Suite Hacking Suite Relay Coupler [Grunt] Relay Coupler [Sentry] > --- WEAPON ----------- Shock Rifle Shock Rifle > --- INVENTORY -------- Improved Flight Unit Improved Flight Unit Machine Analyzer Improved Medium Armor Plating Improved Medium Armor Plating Improved Medium Armor Plating Hacking Suite Relay Coupler [NC] Relay Coupler [NC] Relay Coupler [Swarmer] Relay Coupler [Grunt] Shock Rifle Heavy Missile Launcher Datajack [Rating: 38] Favorites ----------- Power Light Ion Engine Engine Light Ion Engine Power Core Nuclear Core Propulsion Light Treads Treads Light Treads Wheel Armored Huge Wheel Flight Unit Improved Flight Unit Utility Hacking Suite Storage Large Storage Unit Processor Advanced Targeting Computer Hackware Hacking Suite Protection Hardened Medium Armor Plating Weapon Autogun Energy Gun Shock Rifle Ballistic Gun Autogun Ballistic Cannon Battle Cannon Launcher Rocket Launcher Special Melee Weapon Datajack Build | -11 -10 -10 -9 -9 -9 -8 ------- Run | Scr Mat Min Mat Sto Gar Mat Slots Evolved 4 | . . . 2 . . 2 Power . | . . . . . . . Propulsion . | . . . . . . . Utility 4 | . . . 2 . . 2 Weapon . | . . . . . . . Parts Attached 84 | 6 13 1 15 19 10 20 Power 9 | 1 1 . 2 1 2 2 Engine 6 | 1 1 . . 1 1 2 Core 3 | . . . 2 . 1 . Reactor . | . . . . . . . Propulsion 22 | 2 3 1 4 8 2 2 Treads 19 | 2 3 1 4 7 2 . Leg . | . . . . . . . Wheel 2 | . . . . . . 2 Hover . | . . . . . . . Flight 1 | . . . . 1 . . Utility 16 | 1 3 . 4 2 . 6 Device . | . . . . . . . Storage 2 | 1 1 . . . . . Processor 3 | . 1 . 1 1 . . Hackware 7 | . . . 1 1 . 5 Protection 4 | . 1 . 2 . . 1 Artifact . | . . . . . . . Weapon 37 | 2 6 . 5 8 6 10 Energy Gun 6 | 2 1 . . . . 3 Energy Cannon . | . . . . . . . Ballistic Gun 20 | . 5 . 5 7 3 . Ballistic Cannon 3 | . . . . . 1 2 Launcher 3 | . . . . . 2 1 Special Weapon . | . . . . . . . Impact Weapon . | . . . . . . . Slashing Weapon . | . . . . . . . Piercing Weapon . | . . . . . . . Special Melee Weapon 5 | . . . . 1 . 4 Unidentified Prototypes 1 | . . . . 1 . . Parts Lost 10 | . 1 1 . 4 . 4 Power 4 | . 1 . . 1 . 2 Propulsion 3 | . . 1 . 2 . . Utility . | . . . . . . . Weapon 3 | . . . . 1 . 2 Highest Loss Streak 3 | . 1 1 . 3 . 1 To Critical Strikes . | . . . . . . . Average Slot Usage (%) 94 | . 97 99 98 96 100 84 Engine 7 | . 12 14 2 1 4 5 Core 2 | . . . 8 6 6 2 Treads 17 | . 27 27 22 21 22 . Wheel 2 | . . . . . . 8 Storage 11 | . 14 14 11 11 11 9 Processor 7 | . 7 14 11 11 11 2 Hackware 17 | . . . 10 21 22 36 Protection 3 | . 5 . 10 . . 2 Energy Gun 5 | . 12 . . . . 8 Ballistic Gun 13 | . 15 28 21 21 7 1 Ballistic Cannon 1 | . . . . . 10 2 Special Melee Weapon 1 | . . . . . . 5 Naked Turns . | . . . . . . . Heaviest Build 39 | 12 29 29 34 34 34 39 Greatest Support 40 | 40 40 40 40 40 40 40 Greatest Overweight (x) 1 | . . . . 1 . 1 Average Overweight (x) . | . . . . . . . Largest Inventory Capacity 15 | 8 15 15 15 15 15 15 Average Capacity 14 | 6 10 15 15 15 15 15 Most Carried 15 | 1 10 11 15 15 15 15 Average Carried 12 | . 7 10 13 14 14 14 Final Capacity 15 | 8 15 15 15 15 15 15 Final Carried 15 | 1 10 10 15 15 15 14 Class Distribution -------------------- 48% | Mutant 24% | Bothacker-Mutant 11% | Hacker-Mutant 10% | Commander-Mutant 5% | Scavenger-Mutant Dominant Class ---------------- Mutant | -10/Materials Mutant | -10/Mines Mutant | -9/Materials Hacker-Mutant | -9/Storage Bothacker-Mutant | -9/Garrison Bothacker-Mutant | -8/Materials Resources | -11 -10 -10 -9 -9 -9 -8 ----------- Run | Scr Mat Min Mat Sto Gar Mat Matter Collected 2303 | 224 268 105 434 492 112 668 Remotely . | . . . . . . . Salvage Created 2557 | . 359 117 537 734 160 650 Parts 189 | . 20 11 40 41 22 55 Haulers Intercepted 1 | . 1 . . . . . Recyclers Shooed 1 | . . 1 . . . . Parts Field Recycled . | . . . . . . . Retrieved Matter . | . . . . . . . Parts Self-Destructed . | . . . . . . . Prevented . | . . . . . . . Kills | -11 -10 -10 -9 -9 -9 -8 ------- Run | Scr Mat Min Mat Sto Gar Mat Combat Hostiles Destroyed 63 | . 6 3 13 11 14 16 Guns 40 | . 6 3 13 11 . 7 Cannons 5 | . . . . . 3 2 AOE 18 | . . . . . 11 7 Classes Destroyed 14 | . 6 1 2 1 . 4 Worker 6 | . 2 2 . . . 2 Builder 2 | . . . . . . 2 Tunneler 2 | . . 1 . . . 1 Hauler 1 | . 1 . . . . . Recycler 4 | . . . 1 3 . . Operator 4 | . 2 . 1 . . 1 Watcher 5 | . 1 . 1 1 . 2 Swarmer 30 | . 2 3 6 3 10 6 Grunt 18 | . 4 . 3 4 3 4 Brawler 1 | . . . . . . 1 Sentry 10 | . . . 4 3 1 2 Specialist 2 | . . . . . . 2 Hunter 1 | . . . . . . 1 Programmer 1 | . . . . 1 . . Best Kill Streak 11 | . 3 4 4 5 11 7 Combat Bots Only 11 | . 3 3 3 4 11 5 Max Kills in Single Turn 4 | . 1 2 2 2 3 4 Gunslinging 1 | . . 1 . . . 1 Exploded 3 | . . . . . 3 2 Melee . | . . . . . . . Uniques/NPCs Destroyed . | . . . . . . . Combat | -11 -10 -10 -9 -9 -9 -8 -------- Run | Scr Mat Min Mat Sto Gar Mat Damage Taken 2405 | . 274 68 503 530 138 892 Core 358 | . 25 23 93 75 . 142 Absorbed by Shields . | . . . . . . . Redirected to Shielding 77 | . . . 77 . . . Core Remaining (%) 79 | 100 . 80 . . 58 . Volleys Fired 166 | . 38 10 36 33 13 36 Largest 2 | . 2 2 2 2 2 2 Hottest 100 | . 100 46 50 50 72 100 Shots Fired 325 | . 76 20 71 65 26 67 Gun 280 | . 76 20 71 65 2 46 Cannon 27 | . . . . . 13 14 Launcher 18 | . . . . . 11 7 Special . | . . . . . . . Kinetic 234 | . 30 20 71 65 15 33 Thermal 46 | . 46 . . . . . Explosive 18 | . . . . . 11 7 Electromagnetic 27 | . . . . . . 27 Robot Hit Streak 23 | . 13 10 20 23 15 10 Robot Miss Streak 3 | . 3 2 3 1 2 3 Penetration Max . | . . . . . . . Secondary Targets 3 | . . 1 1 . . 1 Max Gunslinging Chain 1 | . . 1 1 . . 1 Shots Hit Robots 227 | . 52 14 46 53 11 51 Core Hits 117 | . 20 7 20 21 13 36 Critical Kills . | . . . . . . . Critical Parts Destroyed 1 | . . . 1 . . . Critical Strikes 2 | . 1 . 1 . . . Burn 1 | . 1 . . . . . Destroy 1 | . . . 1 . . . Melee Attacks 19 | . . . . . . 19 Impact . | . . . . . . . Slashing . | . . . . . . . Piercing . | . . . . . . . Sneak Attacks 9 | . . . . . . 9 Combat Hostiles . | . . . . . . . Follow-up Attacks . | . . . . . . . Damage Inflicted 5066 | . 680 217 774 947 886 1562 Guns 3094 | . 679 217 774 947 . 477 Cannons 307 | . . . . . 171 136 Explosions 1664 | . . . . . 715 949 Melee . | . . . . . . . Ramming 1 | . 1 . . . . . Kinetic 2765 | . 359 217 774 947 171 297 Thermal 644 | . 320 . . . . 324 Explosive 1231 | . . . . . 715 516 Electromagnetic 425 | . . . . . . 425 Impact . | . . . . . . . Slashing . | . . . . . . . Piercing . | . . . . . . . Highest Corruption 8 | . . . 1 8 8 . Average Corruption 3 | . . . 1 3 8 . Corruption Purged . | . . . . . . . Corruption Blocked . | . . . . . . . Effects 63 | . . . 6 31 26 . Message Errors 13 | . . . 1 8 4 . Matter Fused 15 | . . . . 7 8 . Heat Flow Errors 9 | . . . 1 3 5 . Energy Discharges 11 | . . . 3 4 4 . Data Loss (minor) 6 | . . . . 4 2 . Data Loss (major) 6 | . . . . 3 3 . Alerts 1 | . . . . 1 . . Weapon Failures 2 | . . . 1 1 . . Overload Shots . | . . . . . . . Overflow Damage 147 | . . . . . 104 43 Projectiles 7 | . . . . . 7 . Explosions 140 | . . . . . 97 43 Melee . | . . . . . . . Knockbacks 1 | . . . . . . 1 Impact . | . . . . . . . Kinetic 1 | . . . . . . 1 Secondary . | . . . . . . . Self-Inflicted Damage 155 | . . . . . 33 122 Shots 5 | . . . . . 2 3 Rammed 1 | . 1 . . . . . Targets Rammed 1 | . 1 . . . . . Kicked . | . . . . . . . Crushed . | . . . . . . . Highest Temperature 268 | . 240 6 154 254 268 213 Average Temperature 51 | . 68 4 19 41 69 53 Received Heat Transfer 597 | . 135 . 123 120 12 207 Siege Activations . | . . . . . . . Robots Corrupted . | . . . . . . . Combat Hostiles . | . . . . . . . Parts Fried . | . . . . . . . Impact Corruptions . | . . . . . . . Robots Melted . | . . . . . . . Combat Hostiles . | . . . . . . . Parts Melted . | . . . . . . . Heat Transferred 1164 | . 964 . . . . 200 Parts Sabotaged . | . . . . . . . Parts Stolen . | . . . . . . . Parts Stripped . | . . . . . . . Power Chain Reactions 2 | . . . . . . 2 Missiles Intercepted . | . . . . . . . Alert | -11 -10 -10 -9 -9 -9 -8 ------- Run | Scr Mat Min Mat Sto Gar Mat Peak Influence 606 | . 181 94 221 153 606 435 Initial 295 | . . 24 . 83 86 295 Average 129 | . 22 24 97 56 460 228 Maximum Alert Level 2 | . . . 1 . 2 2 Low Security (%) 74 | 100 100 100 95 100 6 42 Level 1 16 | . . . 4 . 5 51 Level 2 8 | . . . . . 88 6 Level 3 . | . . . . . . . Level 4 . | . . . . . . . Level 5 . | . . . . . . . High Security . | . . . . . . . Max Security . | . . . . . . . Squads Dispatched 15 | . 3 . 2 7 . 3 Investigation 5 | . 1 . 1 3 . . Extermination . | . . . . . . . Reinforcement 6 | . 2 . 1 . . 3 Assault . | . . . . . . . Garrison 4 | . . . . 4 . . Intercept . | . . . . . . . Searches Triggered . | . . . . . . . Construction Impeded . | . . . . . . . Haulers Reinforced . | . . . . . . . Active Scanning Responses . | . . . . . . . Cargo Convoy Interrupts . | . . . . . . . Stealth | -11 -10 -10 -9 -9 -9 -8 --------- Run | Scr Mat Min Mat Sto Gar Mat Distress Signals 5 | . . 1 . 1 . 3 Communications Jammed . | . . . . . . . Distress Signals . | . . . . . . . Times Spotted 94 | . 14 3 16 18 11 32 Peak Tracking Total 7 | . 4 1 4 4 7 4 Tactical Retreats 6 | . 1 1 . . 1 3 Traps | -11 -10 -10 -9 -9 -9 -8 ------- Run | Scr Mat Min Mat Sto Gar Mat Traps Triggered 19 | . 3 . 5 11 . . Indirectly . | . . . . . . . Trap Hack Attempts 18 | . . . . 3 . 15 Triggered . | . . . . . . . Disarmed 1 | . . . . 1 . . Reprogrammed 7 | . . . . . . 7 Reused . | . . . . . . . Traps Extracted . | . . . . . . . Installed . | . . . . . . . Triggered . | . . . . . . . Machines | -11 -10 -10 -9 -9 -9 -8 ---------- Run | Scr Mat Min Mat Sto Gar Mat Machines Disabled 11 | . . . . . 3 8 Max in Single Turn 2 | . . . . . 1 2 Garrison Access 1 | . . . . . . 1 Garrison Relay 2 | . . . . . 2 . Machines Sabotaged . | . . . . . . . Garrisons Compromised . | . . . . . . . Overloaded Fab Kills . | . . . . . . . Hacking | -11 -10 -10 -9 -9 -9 -8 --------- Run | Scr Mat Min Mat Sto Gar Mat Machines Accessed 19 | . 2 . 2 7 . 8 Terminals 17 | . 2 . 2 6 . 7 Fabricators . | . . . . . . . Repair Stations . | . . . . . . . Recycling Units . | . . . . . . . Scanalyzers . | . . . . . . . Garrison Access 2 | . . . . 1 . 1 Total Hacks 52 | . 8 . 6 18 . 20 Successful 38 | . 4 . 3 13 . 18 Failed 14 | . 4 . 3 5 . 2 Catastrophic . | . . . . . . . Database Lockouts . | . . . . . . . Manual 49 | . 9 . 6 16 . 18 Terminals 47 | . 8 . 6 14 . 19 Fabricators . | . . . . . . . Repair Stations . | . . . . . . . Recycling Units . | . . . . . . . Scanalyzers . | . . . . . . . Garrison Access 5 | . . . . 4 . 1 Terminal Hacks 7 | . . . 1 3 . 3 Open Door 1 | . . . . 1 . . Branch Access Points 1 | . . . 1 . . . Garrison Index 1 | . . . . 1 . . Unreport Threat 1 | . . . . 1 . . Reprogram Traps 1 | . . . . . . 1 Garrison Status 1 | . . . . . . 1 Zone Layout 1 | . . . . . . 1 Fabricator Hacks . | . . . . . . . Repair Station Hacks . | . . . . . . . Recycling Unit Hacks . | . . . . . . . Scanalyzer . | . . . . . . . Garrison Access Hacks 2 | . . . . 1 . 1 Unlock Access 1 | . . . . 1 . . Seal Access 1 | . . . . . . 1 Unauthorized Hacks 28 | . 4 . 2 9 . 13 Terminals 25 | . 4 . 2 6 . 13 Track 4 | . . . . . . 4 Assimilate 1 | . . . . . . 1 Botnet 14 | . 2 . 1 5 . 6 Detonate 1 | . . . . . . 1 Operators 5 | . 2 . 1 1 . 1 Fabricators . | . . . . . . . Repair Stations . | . . . . . . . Recycling Units . | . . . . . . . Scanalyzers . | . . . . . . . Garrison Access 3 | . . . . 3 . . Restock 1 | . . . . 1 . . Redirect 1 | . . . . 1 . . Intercept 1 | . . . . 1 . . Data Cores Recovered . | . . . . . . . Used . | . . . . . . . Hacking Detections 13 | . 1 . 2 6 . 4 Full Trace Events 1 | . . . . 1 . . Feedback Events . | . . . . . . . Feedback Blocked . | . . . . . . . Robot Schematics Acquired . | . . . . . . . Robots Built . | . . . . . . . Authchips . | . . . . . . . Time . | . . . . . . . Total Robot Build Rating . | . . . . . . . Part Schematics Acquired . | . . . . . . . Parts Built . | . . . . . . . Authchips . | . . . . . . . Time . | . . . . . . . Total Part Build Rating . | . . . . . . . Parts Repaired . | . . . . . . . Time . | . . . . . . . Parts Recycled . | . . . . . . . Recycled Matter . | . . . . . . . Retrieved Matter . | . . . . . . . Retrieved Components . | . . . . . . . Parts Scanalyzed . | . . . . . . . Part Schematics Acquired . | . . . . . . . Parts Damaged . | . . . . . . . Bothacking | -11 -10 -10 -9 -9 -9 -8 ------------ Run | Scr Mat Min Mat Sto Gar Mat Used RIF Installer 1 | . . . . . 1 . Robots Hacked 12 | . . . . . . 12 Non-combat 7 | . . . . . . 7 Combat 5 | . . . . . . 5 Robot Hacks Applied 12 | . . . . . . 12 no_distress 1 | . . . . . . 1 map_earth 1 | . . . . . . 1 overload_power 2 | . . . . . . 2 disable_weapons 1 | . . . . . . 1 formatsys_low 3 | . . . . . . 3 formatsys_high 4 | . . . . . . 4 Relay Couplers Released 9 | . . . . 3 6 . Machine Destruction 6 | . . . . . 6 . Programmers 3 | . . . . 3 . . Attached 5 | . . . . . . 5 Fabnet Peak Effective % . | . . . . . . . Robots Rewired . | . . . . . . . Allies Hacked . | . . . . . . . Hacks Repelled . | . . . . . . . Allies | -11 -10 -10 -9 -9 -9 -8 -------- Run | Scr Mat Min Mat Sto Gar Mat Total Allies 12 | . . 4 . . . 8 Largest Group 8 | . . 4 4 3 . 8 Highest-Rated Group 108 | . . 71 71 40 . 108 Highest-Rated Ally 31 | . . 31 31 16 . 16 Total Orders 12 | . . . 1 2 . 9 STAY 10 | . . . 1 1 . 8 FOLLOW 1 | . . . . 1 . . AID 1 | . . . . . . 1 Ally Attacks 46 | . . 2 21 23 . . Total Damage 661 | . . 42 319 300 . . Kills 7 | . . 1 2 4 . . Allies Corrupted . | . . . . . . . Allies Melted 1 | . . . . 1 . . Intel | -11 -10 -10 -9 -9 -9 -8 ------- Run | Scr Mat Min Mat Sto Gar Mat Robot Analysis Total . | . . . . . . . Derelict Logs Recovered 2 | . . 2 . . . . Drone Launches . | . . . . . . . Drone Recoveries . | . . . . . . . Exploration | -11 -10 -10 -9 -9 -9 -8 ------------- Run | Scr Mat Min Mat Sto Gar Mat Turns Passed 12247 | 68 2657 2062 1029 1698 859 3874 Spaces Moved 5129 | 39 712 698 550 560 496 2074 Core 3 | 3 . . . . . . Treads 3081 | 36 712 698 550 560 496 29 Legs . | . . . . . . . Wheels 2045 | . . . . . . 2045 Hover . | . . . . . . . Flight . | . . . . . . . Fastest Speed 50 | 50 160 160 160 160 160 100 Average Speed 140 | 151 160 160 160 160 160 112 Slowest Speed 240 | 160 160 160 160 240 160 160 Overloaded Moves . | . . . . . . . Propulsion Burnouts . | . . . . . . . Robots Hopped . | . . . . . . . Cave-ins Triggered . | . . . . . . . Exploration Rate (%) 60 | 4 80 98 35 55 80 70 Regions Visited 6 Branch Regions 2 Pre-discovered Areas . | . . . . . . . Known Exits Taken 2 | . . . 1 1 . . Unknown Exits Taken 3 | 1 1 1 . . . . Scrap Searched 1 | . . 1 . . . . Spaces Dug 4 | . . . . . 4 . Terrain Destroyed 88 | . . . . . 43 45 Melee . | . . . . . . . Projectile 3 | . . . . . . 3 AOE 85 | . . . . . 43 42 Terrain Rammed . | . . . . . . . Walls Destroyed . | . . . . . . . Machines Disabled . | . . . . . . . Actions | -11 -10 -10 -9 -9 -9 -8 --------- Run | Scr Mat Min Mat Sto Gar Mat Total 9856 | 45 2157 1627 640 1302 540 3545 Wait 4348 | . 1376 918 19 674 6 1355 Move 5122 | 38 711 697 549 559 494 2074 Hop . | . . . . . . . Pick Up 49 | 1 11 1 12 7 7 10 Fast Attach 41 | 6 11 . 7 11 . 6 Attach 13 | . . 1 2 2 2 6 Detach . | . . . . . . . Swap 30 | . 2 . 6 6 8 8 Drop 42 | . 7 . 9 7 10 9 Fire 166 | . 38 10 36 33 13 36 Melee 19 | . . . . . . 19 Ram . | . . . . . . . Kick . | . . . . . . . Crush 1 | . 1 . . . . . Escape Stasis . | . . . . . . . Rewire 7 | . . . . . . 7 Trap 18 | . . . . 3 . 15 Miscellaneous . | . . . . . . . Route ------- -11/Scrapyard -10/Materials (discovered 4 exits: *Mat x2 / [*Min x2]) -10/Mines (discovered 2 exits: *Mat x2) -9/Materials (discovered 4 exits: *Mat / Min / *Sto x2) -9/Storage -9/Garrison (discovered 3 exits: *Mat x3) -8/Materials (discovered 2 exits: [*Fac x2]) History --------- Turn | Location | Event 4 | -11/Scrapyard | Discovered new exit (range 15) 69 | -11/Scrapyard | Entered Materials 309 | -10/Materials | Build established: Mutant 1264 | -10/Materials | Discovered new exit (range 14) 1406 | -10/Materials | Discovered new exit (range 13) 1459 | -10/Materials | Discovered new exit (range 3) 1593 | -10/Materials | Discovered new exit (range 14) 2726 | -10/Materials | Entered Mines 2763 | -10/Mines | A weapon hastily lodged in a ceiling crevice suddenly fell to the ground 2820 | -10/Mines | Assembled infested the area 3770 | -10/Mines | Discovered new exit (range 7) 3951 | -10/Mines | Discovered new exit (range 8) 4021 | -10/Mines | Learned Materials interactive machine intel 4069 | -10/Mines | Learned Materials garrison access intel 4096 | -10/Mines | Escorted by a lone wolf Derelict 4550 | -10/Mines | Deemed a non-threat by the Exiles lab entrance 4734 | -10/Mines | Assisted by bots powering up and referring to "LRC-V3" 4788 | -10/Mines | Entered Materials 4788 | -9/Materials | Accompanied by 4 allies 4788 | -9/Materials | Evolved 2 slots: Utility x2 4789 | -9/Materials | Loaded intel: 16 interactive machine locations 4834 | -9/Materials | Discovered new exit (range 2) 5517 | -9/Materials | Discovered new exit (range 12) 5525 | -9/Materials | Identified exit to Mines 5525 | -9/Materials | Identified exit to Storage 5817 | -9/Materials | Entered Storage 5817 | -9/Storage | Accompanied by 3 allies 6192 | -9/Storage | Build established: Hacker-Mutant 6690 | -9/Storage | Identified exit to Garrison 6816 | -9/Storage | Lost 3 parts (1p1n1w) 7126 | -9/Storage | Garrison activated, responded to threat 7458 | -9/Storage | Garrison activated, responded to threat 7515 | -9/Storage | Entered Garrison 7586 | -9/Garrison | Build established: Scavenger-Mutant 7600 | -9/Garrison | Triggered checkpoint 7611 | -9/Garrison | Triggered checkpoint 7635 | -9/Garrison | Destroyed 11 combat bots 7689 | -9/Garrison | Discovered new exit (range 10) 7720 | -9/Garrison | Installed Relay Interface Framework 7862 | -9/Garrison | Triggered checkpoint 7887 | -9/Garrison | Garrison Relay disabled 7972 | -9/Garrison | Discovered new exit (range 10) 8143 | -9/Garrison | Discovered new exit (range 9) 8164 | -9/Garrison | Triggered checkpoint 8206 | -9/Garrison | Garrison Relay disabled 8237 | -9/Garrison | Build established: Bothacker-Mutant 8374 | -9/Garrison | Entered Materials 8374 | -8/Materials | Evolved 2 slots: Utility x2 8375 | -8/Materials | Loaded intel: 1 garrison access location 9498 | -8/Materials | Discovered new exit (range 16) 9918 | -8/Materials | Discovered new exit (range 7) 11228 | -8/Materials | Build established: Commander-Mutant 12248 | -8/Materials | Self-destructed Last Messages --------------- 11990_ G-47 Trooper destroyed. 11993_ U-05 Engineer builds a Wall. 11995_ Acquired Lgt. Ion Engine. 11997_ U-05 Engineer lays Concrete. 11997_ Acquired 10 matter. 11998_ U-05 Engineer lays Concrete. 11999_ U-05 Engineer builds a Wall. 12003_ U-05 Engineer lays Concrete. 12005_ U-05 Engineer builds a Door. 12007_ U-05 Engineer lays Concrete. 12010_ U-05 Engineer builds a Wall. 12012_ U-05 Engineer lays Concrete. 12048_ K-01 Serf collects debris. 12194_ R-06 Scavenger collects Carbon-fiber Leg. 12197_ R-06 Scavenger collects Wheel. 12225_ Detecting nearby Garrison Access. 12242_ Connecting with Garrison Access... >>Seal Access door sealed. 12242_ Garrison Access unresponsive. Map ----- +----------------------------------------------------+ | | | | | | | | | | | | | | | | | | | | | ?????????????????????????????????????????????????? | | ?????????????????????????????????????????????????? | | ?????????????????????????????????????????????????? | | ?????????????????????????????????????????????????? | | ?????????????????????????????????????????????????? | | ?????????????????????????????????????????????????? | | ?????????????????????????????????????????????????? | | ?????????????????????????????????????????????????? | | ?????????????????????????????????????????????????? | | ????????????????# ???????????????????????????????? | | ????????????????# ??????????????????????????????? | | ????????????????# ##+############???????????????? | | ????????????????# !# ! #???????????????? | | ????????????????# # "" ####????????????? | | ????????????????# """ # [ G" + #?????????? | | ????????????????# """ #@ "" ##### ??????????? | | ???????????## ### """ + #???# ????? # | | ???????? # """ #???# ####+### | | ???????? # ! """ #???# | | ??????????####+####### # """ #???# | | ?????????????????????# # +??? | | ?????????????????????# ##########???# ####### | | ?????????????????????# #????????????# #?????? | | ?????????????????????# #????????????# #?????? | | ???????????????####### ###########??# #?????? | | ???????????????# #????## | | ???????????????# #????## | | ???????????????# ? #????#! | | ???????????????# ###+##############??# #????#! | | ???????????????# #?????????########### ###### | | ???????????????# #?????????########### | | ???????????????# #?????????########### | | ????????########= #?????????########### ####### | | ????????# [#*! #?????????########### ####### | | ????????# "" [#%%|#?????????########### # | | ????????# "T %+ #?????????########### # | | ????????#! %#% #?????????########### # | | ????????# !!*=# #?????????########### # | | ????????# !![=# ############# + | | ????????######%# ^ # | +----------------------------------------------------+ Best States ------------- Heat Dissipation 31 Energy Generation 14 Energy Capacity 265 Matter Stores 300 Matter Capacity 300 Sight Range 16 Terrain Scan Density 10 Armor Coverage 225 Core Shielding 20 Propulsion Shielding 33 Evasion (%) 40 Targeting Accuracy 8 Recoil Reduction 2 Offensive Hacking 20 Relay Coupler Types 3 Relay Coupler Value 48 Item Schematics ----------------- None Robot Schematics ------------------ None Fabricated ------------ Nothing Alien Tech Used ----------------- None Achievements -------------- None Challenges ------------ None Game ------ Seed MasterHybridGuard Manual? 0 Play Time 00:43:52 Cumulative 325.6 hours Start 2022.06.12 @ 13:28:31 End 2022.06.12 @ 14:19:59 Sessions 1 Manual Loads 0 Difficulty Rogue Special Mode None Game No. 574 Rogue 419 Adventurer 148 Explorer 7 Win Type - Total 11 Types 9/0/1/1/0/0/0/0/0 Lore% 74 Gallery% 87 Achievement% 67 Wizard Run 0 Options --------- ASCII 0 Keyboard 0 Movement Numpad Keybinds 0 Fullscreen 1 Font 18/SmallcapsGlow Map View 76x50 Tactical HUD 1 Map Filters NONE Filters NONE Steam 1 RUN: 8e21f9ff-fcd7-48b4-bc94-188a0d6a43d0